[Event "Romanian Superleague 2022"]
[Site "Oradea"]
[Date "2022.09.21"]
[Round "1.24"]
[White "Antonica, Dragos-Andrei"]
[Black "Doncea, Vladimir"]
[Result "1/2-1/2"]
[ECO "D02"]
[WhiteElo "2321"]
[BlackElo "2342"]
[Annotator "TA"]
[PlyCount "96"]
[EventDate "2022.09.21"]
[EventType "team-tourn"]
[EventCountry "ROU"]
[SourceTitle "playchess.com"]
[Source "ChessBase"]
[SourceQuality "1"]
[TimeControl "40/5400+30:1800+30"]

1. d4 d5 2. Nf3 Nf6 3. c3 h6 4. Qc2 {[%emt 0:06:34] [#]} g6 $146 ({Predecessor:} 4... e6 5. Bf4 Nh5 6. Be5 Nc6 7. e3 Nf6 8. Bd3 Bd6 9. Nbd2 Qe7 10. Bxd6 Qxd6 11. b4 {½-½ (47) Andriandaza,T (1690)-Calmels,N (1907) St Denis 2013}) 5. h3 c6 6. Bf4 {[%emt 0:05:11] D02: 1 d4 d5 2 Nf3 sidelines, including 2...Nf6 3 g3 and 2...Nf6 3 Bf4.} Bg7 (6... Bf5 $5 7. Qb3 Qb6 $11) 7. e3 Bf5 8. Qb3 {[%emt 0:00:18] White has an edge.} Qb6 9. g4 g5 {[%emt 0:11:04] [#]} (9... Be6 $11) 10. Bxb8 (10. Bxg5 $1 $16 Be4 11. Bxf6 Bxf6 12. Nbd2) 10... Bxb1 $11 11. Rxb1 Rxb8 12. Bd3 e6 13. Ke2 Nd7 14. h4 e5 {[%emt 0:06:19] Strongly threatening ...Qxb3.} 15. dxe5 {[%emt 0:07:14] White is much more active. The black rooks are badly placed.} (15. hxg5 e4 16. Qxb6 exd3+ 17. Kxd3 axb6 $15) (15. Qxb6 {seems wilder.} axb6 16. Bf5 e4 17. Nd2) 15... Qxb3 16. axb3 Nxe5 17. hxg5 hxg5 18. Rxh8+ Bxh8 19. Rh1 Bf6 {[%emt 0:00:18] [#]} 20. Nxg5 $1 Ke7 ({Don't do} 20... Nxd3 21. Kxd3 Ke7 22. Nf3 $16) 21. Nh7 Nxg4 22. Bf5 Rg8 23. f4 Bh8 $1 24. Bxg4 Rxg4 $14 {[%emt 0:00:10][%mdl 4096] Endgame KRB-KRN} 25. Ng5 Bg7 26. Kf3 {[%emt 0:00:33] Against Rg2} f5 27. Kf2 (27. b4 $14) 27... a6 ({Better is} 27... a5 $11) 28. Rh5 (28. Rh7 $14 Kf6 29. b4) 28... Kf6 (28... Bf6 $11 {keeps the balance.}) 29. Rh1 Ke7 30. Kf3 (30. Rh7 $16 Kf6 31. b4) 30... Bf6 31. Rh7+ Kd6 32. Rh6 (32. Rf7 $5 Be7 33. Rxf5 $14) 32... Ke7 33. Rh7+ Kd6 34. Rf7 Bxg5 35. Rxf5 ({Of course not} 35. fxg5 Rxg5 36. Rxb7 Rg1 $11) 35... Rg1 36. Rxg5 $16 {[%emt 0:00:28] KR-KR} Rf1+ 37. Ke2 (37. Kg4 $14) 37... Rb1 $1 $11 38. Rg6+ Kc5 $1 39. Kd3 {[%emt 0:01:00] b4+ is the strong threat.} ({Much less strong is} 39. b4+ Kc4 $16) 39... Rxb2 40. b4+ Kb6 (40... Kb5 $11) 41. Kd4 {[%emt 0:04:53] aiming for Ke5.} Kb5 42. Rg3 ({White should try} 42. f5 $16) 42... Rf2 $1 43. Kd3 b6 44. Rg5 Ka4 45. Rg6 Kb5 46. f5 (46. Rg8 $11) 46... a5 ({Black should play} 46... Rxf5 $17 {Hoping for ...Rh5.} 47. Re6 Rf3) 47. bxa5 bxa5 48. f6 a4 {[%emt 0:00:30] Weighted Error Value: White=0.23 (precise) /Black=0.19 (very precise)} 1/2-1/2

[Event "Romanian Superleague 2022"]
[Site "Oradea"]
[Date "2022.09.21"]
[Round "1.25"]
[White "Kozak, Adam"]
[Black "Deac, Bogdan-Daniel"]
[Result "1/2-1/2"]
[ECO "E40"]
[WhiteElo "2516"]
[BlackElo "2710"]
[Annotator "TA"]
[PlyCount "109"]
[EventDate "2022.09.21"]
[EventType "team-tourn"]
[EventCountry "ROU"]
[SourceTitle "playchess.com"]
[Source "ChessBase"]
[SourceQuality "1"]
[TimeControl "40/5400+30:1800+30"]

1. d4 Nf6 2. c4 e6 3. Nc3 Bb4 4. e3 d5 5. Bd3 e5 6. dxe5 {[%emt 0:13:29] E40: Nimzo-Indian: Rubinstein (4 e3): Unusual Black 4th moves.} dxc4 7. Bxc4 Bxc3+ 8. bxc3 Qxd1+ 9. Kxd1 Ng4 {[%emt 0:00:03][%csl LRe5,LRf2] [#]} 10. Ke1 $146 {[%emt 0:09:22] [#] f4 is the strong threat.} ({Predecessor:} 10. Ke2 Nxe5 11. Bd3 Nxd3 12. Kxd3 b6 13. Nf3 Nc6 14. Ba3 Bg4 15. Ke2 Ne5 16. Rad1 {0-1 (50) Wankhade,S (1559)-Laxman,R (2437) Hyderabad 2019}) 10... Nxe5 11. Be2 Bf5 12. Nf3 Nd3+ 13. Kf1 {[%emt 0:00:45] And now Ba3 would win.} Nxc1 14. Rxc1 Nd7 15. Nd4 Be6 16. Nxe6 fxe6 17. Bc4 Ke7 18. Ke2 Rad8 19. Rhd1 Nc5 20. f4 Rd6 21. Rxd6 cxd6 $11 {[%emt 0:00:00][%mdl 4096] Endgame KRB-KRN} 22. Bd3 h5 23. g3 Rc8 24. Kd2 Kf6 25. Rb1 Rc7 26. Bc2 b6 27. c4 g6 28. Bd3 Rg7 29. Rf1 Rd7 30. Bc2 Rc7 31. Rb1 Nb7 32. Bd3 Na5 33. Rc1 Rc5 34. Rc3 g5 35. Be2 h4 (35... g4 $15 {is superior.}) 36. Rc1 Nc6 37. Kc3 Ne7 38. Bd3 hxg3 39. hxg3 b5 40. Kd2 {[%emt 0:00:00] The position is equal.} b4 41. Rh1 Nf5 42. g4 Nh4 43. Rb1 Ra5 44. Rxb4 Rxa2+ 45. Kc3 Ra3+ 46. Kd2 $1 Nf3+ 47. Ke2 Ng1+ 48. Kd2 Nh3 49. Rb5 gxf4 50. exf4 Nxf4 51. g5+ Ke7 52. Rb7+ Kf8 53. Rb8+ Ke7 54. Rb7+ Kf8 55. Rb8+ {[%emt 0:00:02] Weighted Error Value: White=0.06 (flawless) /Black=0.05 (flawless)} 1/2-1/2

[Event "Romanian Superleague 2022"]
[Site "Oradea"]
[Date "2022.09.21"]
[Round "1.26"]
[White "Miroshnichenko, Evgenij"]
[Black "Petkov, Momchil"]
[Result "0-1"]
[ECO "A14"]
[WhiteElo "2597"]
[BlackElo "2511"]
[Annotator "TA"]
[PlyCount "99"]
[EventDate "2022.09.21"]
[EventType "team-tourn"]
[EventCountry "ROU"]
[SourceTitle "playchess.com"]
[Source "ChessBase"]
[SourceQuality "1"]
[TimeControl "40/5400+30:1800+30"]

1. Nf3 d5 2. g3 Nf6 3. Bg2 e6 4. O-O Be7 5. c4 O-O 6. b3 d4 7. e3 c5 {[%emt 0:00:17] A14: English Opening: 1...e6 with b3 by White.} 8. exd4 cxd4 9. d3 Nc6 {[%emt 0:00:38] The position is equal.} 10. Re1 Re8 $1 {[%emt 0:02:01][%mdl 4] outshines the older 10...Nd7.} 11. Nbd2 h6 12. a3 a5 {[%emt 0:00:15] Inhibits b4.} 13. Ne5 Nxe5 14. Rxe5 {[%emt 0:00:00] [#]} Ra7 $146 ({Predecessor:} 14... Bd6 15. Re1 e5 16. Ne4 Nxe4 17. Bxe4 Rb8 18. Qc2 b6 19. Bd2 f5 20. Bd5+ Be6 21. Bxe6+ Rxe6 {1-0 (39) Samuel,R-Anders,H freechess.de 2016}) 15. Rb1 Bd6 16. Re1 e5 17. b4 axb4 18. axb4 Bf5 19. Ne4 (19. c5 $11) 19... Nxe4 20. Bxe4 Bxe4 21. Rxe4 b6 22. Re1 Qf6 (22... Qa8 {with more complications.} 23. b5 Ra2 24. Qg4 Re6) 23. Qe2 Qf5 24. Kg2 Ra4 25. c5 (25. b5 $15) 25... bxc5 $17 {[%emt 0:00:04] Black is much more active.} 26. bxc5 Bxc5 27. Qc2 Rb4 28. Ra1 Bf8 29. Ba3 Rb6 30. Bxf8 Rxf8 31. Ra5 $1 Re8 32. Re4 Qf6 (32... Rf6 33. f4 $11) 33. f4 Reb8 {[%emt 0:03:33] ...Rb2 is the strong threat.} 34. fxe5 Qd8 (34... Qe6 $5 35. Ra2 Rb5 $15) 35. Ra2 {[%emt 0:01:28] Prevents Rb2.} Rb3 36. Qe2 Qd5 37. Rd2 Re8 $36 {[%emt 0:00:08][%cal Bb8e8,Be8e5,Be5f5][%mdl 2080] Black has the initiative.} 38. Kf2 Qb5 39. Rxd4 (39. Kg2 $11 {remains equal.}) 39... Rxe5 ({Much weaker is} 39... Qc5 40. Qe3 $11) 40. Re4 Rf5+ 41. Kg2 Qd5 42. Qe3 Rb1 43. Qd4 Qc6 {[%emt 0:01:58] Strongly threatening ...Qc1.} 44. Rf2 Rxf2+ 45. Qxf2 {[%emt 0:00:53] KQR-KQR} Qd5 {[%emt 0:06:57] aiming for ...f5.} 46. Qc2 Qb7 47. Kh3 Rb2 48. Qa4 {[%emt 0:05:19][%mdl 8192] [#] Against Qd7+} (48. Re7 $17) 48... Kh7 $1 $19 ({And not} 48... Qd5 49. Re8+ Kh7 50. Qe4+ Qxe4 51. dxe4 $15) 49. Qe8 {[%emt 0:01:00] [#]} Rf2 $1 {[%emt 0:00:42] ( -> ...g5)} ({Weaker is} 49... Qd5 50. Qe5 Qd7+ 51. Rg4 Rxh2+ 52. Kxh2 $17) 50. Qe5 {[%emt 0:02:35] Weighted Error Value: White=0.22 (precise) /Black=0.07 (flawless)} 0-1

[Event "Romanian Superleague 2022"]
[Site "Oradea"]
[Date "2022.09.21"]
[Round "1.27"]
[White "Bonte, Andrei-Mihai"]
[Black "Szabo, Gergely-Andras-Gyula"]
[Result "1/2-1/2"]
[ECO "E05"]
[WhiteElo "2339"]
[BlackElo "2512"]
[Annotator "TA"]
[PlyCount "60"]
[EventDate "2022.09.21"]
[EventType "team-tourn"]
[EventCountry "ROU"]
[SourceTitle "playchess.com"]
[Source "ChessBase"]
[SourceQuality "1"]
[TimeControl "40/5400+30:1800+30"]

1. d4 Nf6 2. Nf3 e6 3. g3 d5 4. Bg2 Be7 5. O-O O-O 6. c4 dxc4 7. Qa4 a6 8. Qxc4 b5 9. Qc2 Bb7 10. Bg5 Nbd7 11. Bxf6 {[%emt 0:00:22] E05: Open Catalan: 5 Nf3 Be7.} Nxf6 12. Nbd2 Rc8 13. Nb3 $1 {[%emt 0:01:39] Prevents c5.} Be4 (13... c5 $5) 14. Qd2 c5 15. dxc5 Bxc5 16. Qxd8 Rfxd8 17. Nxc5 Rxc5 18. Rfc1 {[%emt 0:01:24] [#]} Rcd5 $146 ({Predecessor:} 18... Rdc8 19. Rxc5 Rxc5 20. Rd1 Kf8 21. Ne1 Bxg2 22. Kxg2 Ke7 {½-½ (22) Mamedov,R (2628)-Gagunashvili,M (2570) Tbilisi 2012}) 19. h4 h6 20. Kf1 g5 21. hxg5 hxg5 22. Ne1 Bxg2+ 23. Nxg2 Rd2 24. Rab1 Ne4 25. Ke1 f5 26. Ne3 {[%emt 0:06:27] The position is equal.} Kf7 27. Nf1 R2d4 28. f3 Nd6 29. Rd1 Rxd1+ 30. Rxd1 Ke7 {[%emt 0:00:05] An interesting draw.  Weighted Error Value: White=0.03 (flawless) /Black=0.03 (flawless)} 1/2-1/2

[Event "Romanian Superleague 2022"]
[Site "Oradea"]
[Date "2022.09.21"]
[Round "1.28"]
[White "Nevednichy, Vladislav"]
[Black "Ognean, Mihnea-Ionut"]
[Result "1-0"]
[ECO "B31"]
[WhiteElo "2472"]
[BlackElo "2303"]
[Annotator "TA"]
[PlyCount "49"]
[EventDate "2022.09.21"]
[EventType "team-tourn"]
[EventCountry "ROU"]
[SourceTitle "playchess.com"]
[Source "ChessBase"]
[SourceQuality "1"]
[TimeControl "40/5400+30:1800+30"]

1. e4 c5 2. Nf3 Nc6 3. Bb5 g6 4. O-O Bg7 5. c3 e5 6. d4 cxd4 7. cxd4 exd4 8. Bf4 Nge7 9. Bd6 a6 {[%emt 0:02:49] B31: Sicilian: 2...Nc6 3 Bb5 g6.} 10. Bd3 b5 (10... b6 $1 $11 {keeps the balance.}) 11. a4 $16 bxa4 {[%emt 0:13:35] White is better.} 12. Nbd2 O-O {[%emt 0:09:47] [#]} 13. Qxa4 $146 {[%emt 0:01:16] White is much more active.} ({Predecessor:} 13. Rxa4 a5 14. b4 Bb7 15. b5 Nb4 16. Bc4 Nc8 17. Bxf8 Qxf8 18. e5 Nb6 19. Ra1 Bxf3 20. Qxf3 Bxe5 {½-½ (43) Petkov,M (2443)-Gueci,T (2188) Reykjavik 2021}) 13... Ra7 {[%emt 0:18:26] [#]} (13... a5 $16 {was called for.}) 14. b4 $1 $18 {[%emt 0:04:04][%mdl 1024] White has strong compensation.} Bb7 15. Qb3 h6 16. h4 Ra8 17. Ra4 g5 (17... a5 $16) 18. hxg5 hxg5 (18... Ng6 $142 19. Bxf8 Qxf8) 19. Nxg5 Be5 20. Bc4 {[%emt 0:12:12][%cal Ob3h3] [#] White threatens Qh3! and mate. White is clearly winning.} Nd5 (20... Bxd6 {gets mated.} 21. Qh3) (20... Kg7 $142 21. Qh3 (21. Nxf7 Rxf7 22. Bxe5+ Nxe5 $14) 21... Rh8) 21. exd5 Bxd6 22. Nde4 {[%emt 0:06:23] And now Qh3 would win. Pair of Knights!} Bf4 23. dxc6 Bxc6 24. Ra5 {[%emt 0:00:37] Qh3 is the strong threat.} Kg7 25. Rf5 {[%emt 0:01:08] White took control after the opening.  Weighted Error Value: White=0.26 (precise) /Black=0.65} 1-0

[Event "Romanian Superleague 2022"]
[Site "Oradea"]
[Date "2022.09.21"]
[Round "1.29"]
[White "Ileana, George"]
[Black "Stoleriu, George"]
[Result "1-0"]
[ECO "B10"]
[WhiteElo "2301"]
[BlackElo "2392"]
[Annotator "TA"]
[PlyCount "103"]
[EventDate "2022.09.21"]
[EventType "team-tourn"]
[EventCountry "ROU"]
[SourceTitle "playchess.com"]
[Source "ChessBase"]
[SourceQuality "1"]
[TimeControl "40/5400+30:1800+30"]

1. e4 c6 2. Nf3 d5 3. d3 dxe4 4. dxe4 Qxd1+ 5. Kxd1 Nf6 6. Nbd2 {[%emt 0:00:24] B10: Caro-Kann: 2 d3 and 2 c4.} g6 {[%emt 0:00:06] 6...g6 is better than 6...Bg4.} 7. Ne5 Nbd7 8. Nd3 {[%emt 0:00:05] White has an edge.} Ng4 9. a4 Nde5 (9... Nc5 $5 10. Ke1 Nxd3+ 11. Bxd3 Bg7 $11) 10. Nxe5 Nxe5 11. Nc4 {[%emt 0:00:11] [#]} Bg7 $146 ({Predecessor:} 11... Bg4+ 12. Ke1 Nxc4 13. Bxc4 Bg7 14. f3 Bd7 15. h4 h5 16. c3 Bh6 17. Bxh6 Rxh6 {1-0 (40) Khanin,S (2517)-Lee,A (2293) Philadelphia 2022}) 12. Nxe5 Bxe5 13. Bc4 a5 14. c3 Bc7 15. Bh6 Be6 16. Bxe6 fxe6 17. h4 O-O-O+ 18. Ke2 {[%emt 0:00:20] Black is on the road to losing.} Rhg8 19. Rh3 Be5 20. Rf3 Bf6 21. Rh1 Rd7 22. g4 g5 (22... b5 $16) 23. Bxg5 Bxg5 24. hxg5 Rxg5 $18 {[%emt 0:00:02][%mdl 4096] Endgame KRR-KRR} 25. Rg3 (25. Rxh7 $6 Rxg4 26. Ke3 Rg1 $14) 25... Rg7 26. f3 b5 27. axb5 ({Don't play} 27. Rgh3 $6 bxa4 28. Ke3 (28. Rxh7 Rxh7 29. Rxh7 Rb7 $11) 28... Rb7 $16) 27... Rb7 28. Rh5 ({Don't take} 28. bxc6 Rxb2+ 29. Ke3 Rb6 $16) 28... Rxb5 (28... cxb5 {is a better defense.} 29. Rg1 a4 30. Rc5+ Kb8) 29. Rxb5 cxb5 {[%emt 0:00:01] KR-KR} 30. Rh3 Kd7 (30... b4 {was called for.} 31. Rh5 bxc3) 31. Rh5 Kc6 32. Ke3 Rf7 $2 (32... b4 {was necessary.} 33. Rxa5 bxc3 34. bxc3 Kd6) 33. Rh6 Kd7 34. f4 Rg7 {[%emt 0:00:08] [#]} 35. Kf3 Rf7 36. Rh5 {[%emt 0:01:11] White is clearly winning.} Kc6 37. Re5 Rf6 38. g5 Rg6 39. Kg4 {[%emt 0:00:09] [#] Hoping for f5.} Kb6 40. Kh5 a4 41. f5 exf5 42. exf5 Rd6 43. Re6 Rxe6 44. fxe6 {[%emt 0:00:06] KP-KP} Kc5 45. Kh6 Kc4 46. Kxh7 Kb3 47. g6 Kxb2 48. g7 a3 49. g8=Q a2 50. Qg2+ Kb3 51. Qd5+ Ka3 52. Qxb5 {[%emt 0:00:17] Weighted Error Value: White=0.05 (flawless) /Black=0.38} 1-0

[Event "Romanian Superleague 2022"]
[Site "Oradea"]
[Date "2022.09.21"]
[Round "1.30"]
[White "Ungureanu, Vlad"]
[Black "Pisu, Robert-Daniel"]
[Result "1/2-1/2"]
[ECO "A13"]
[WhiteElo "2287"]
[BlackElo "2223"]
[Annotator "TA"]
[PlyCount "91"]
[EventDate "2022.09.21"]
[EventType "team-tourn"]
[EventCountry "ROU"]
[SourceTitle "playchess.com"]
[Source "ChessBase"]
[SourceQuality "1"]
[TimeControl "40/5400+30:1800+30"]

1. Nf3 d5 2. c4 e6 3. e3 Nf6 4. b3 Be7 5. Bb2 O-O 6. Be2 c5 7. O-O b6 8. d4 cxd4 9. exd4 Bb7 10. Nc3 Nc6 11. Ne5 {[%emt 0:04:05] A13: English Opening: 1...e6.} dxc4 12. Bf3 {[%emt 0:12:43] [#]} Qc8 $146 ({Predecessor:} 12... Rc8 13. Bxc6 Bxc6 14. bxc4 Bb7 15. a4 Nd7 16. Nxd7 Qxd7 17. d5 Rxc4 18. dxe6 Qxe6 {1-0 (58) Kalajzic,I (2112)-Martin Carmona,G (2326) Chess.com INT 2021}) 13. bxc4 Nxe5 14. dxe5 Bxf3 15. Qxf3 Nd7 16. Qe2 Qc6 17. Rfd1 Nc5 18. Nb5 a6 19. Nd6 Rad8 20. Qg4 f6 {[%emt 0:10:14] [#] White must now prevent ...fxe5.} 21. Ba3 Bxd6 22. exd6 Rxd6 23. Rxd6 Qxd6 24. Rd1 Qe7 ({Black should try} 24... Qe5 $15) 25. h4 Rc8 26. h5 h6 27. Bxc5 (27. Rb1 $15 {should be considered.}) 27... Rxc5 $15 {[%emt 0:01:10][%mdl 4096] Endgame KQR-KQR} 28. Qf3 Rc8 29. Qe4 Kh8 30. Rd4 Rd8 31. Qd3 Rxd4 32. Qxd4 $17 {[%emt 0:00:02] [#] KQ-KQ} Qc5 (32... Qc7 $1 $17) 33. Qd8+ $11 {[%emt 0:00:36] The position is equal.} Kh7 34. Qe8 $1 Qf5 35. a4 a5 36. f3 $1 Qc5+ 37. Kh2 Qe5+ 38. Kg1 $1 Qe3+ 39. Kh2 Qe5+ 40. Kg1 Qe1+ 41. Kh2 Qh4+ 42. Kg1 Qd4+ 43. Kh2 Qf4+ 44. Kg1 Qxc4 45. Qg6+ Kg8 (45... Kh8 $5 46. Qe8+ $8 Kh7 $11) 46. Qe8+ {[%emt 0:00:06] Weighted Error Value: White=0.10 (very precise) /Black=0.10 (very precise)} 1/2-1/2

[Event "Romanian Superleague 2022"]
[Site "Oradea"]
[Date "2022.09.22"]
[Round "2.1"]
[White "Tarlev, Konstantin"]
[Black "Deac, Bogdan-Daniel"]
[Result "1/2-1/2"]
[ECO "D45"]
[WhiteElo "2576"]
[BlackElo "2710"]
[Annotator "TA"]
[PlyCount "48"]
[EventDate "2022.09.21"]
[EventType "team-tourn"]
[EventCountry "ROU"]
[SourceTitle "playchess.com"]
[Source "ChessBase"]
[SourceQuality "1"]
[TimeControl "40/5400+30:1800+30"]

1. d4 Nf6 2. c4 e6 3. Nf3 d5 4. Nc3 c6 5. e3 Nbd7 6. Qc2 {[%emt 0:00:18] The position is equal.} h6 {[%emt 0:01:33] D45: Semi-Slav: 5 e3.} 7. Be2 dxc4 8. Bxc4 b5 9. Bd3 Bb7 10. O-O a6 11. Ne4 Rc8 {[%emt 0:18:58] [#]} 12. Nxf6+ $146 ({Predecessor:} 12. Rd1 Nxe4 13. Bxe4 Nf6 14. Bd3 Qb6 15. Qe2 c5 16. a4 c4 17. Bc2 Be7 18. Ne5 {1-0 (37) Simensen,V (1969)-Shehzad,A (1533) Kristiansund 2017}) 12... Nxf6 13. a4 Be7 ({Resist} 13... c5 14. axb5 a5 15. Qa4 $16) 14. Qe2 O-O $1 15. Bd2 (15. Rd1 {is more complex.} Qc7 16. b3 c5 17. dxc5 Qxc5 18. axb5 axb5 19. Bb2) 15... c5 {[%emt 0:00:00] Prevents b4.} 16. axb5 axb5 17. Bxb5 Bxf3 {[%emt 0:00:00][%mdl 64] [#] Remove Defender} 18. Qxf3 cxd4 19. exd4 Qxd4 20. Bc3 {[%emt 0:01:46] This bishop pair is nice.} Qe4 21. Be2 Qh4 22. g3 Qe4 23. Rfd1 Rb8 24. Rd4 Qxf3 {[%emt 0:00:00] An interesting draw.  Weighted Error Value: White=0.05 (flawless) /Black=0.05 (flawless)} 1/2-1/2

[Event "Romanian Superleague 2022"]
[Site "Oradea"]
[Date "2022.09.22"]
[Round "2.2"]
[White "Miroshnichenko, Evgenij"]
[Black "Ionescu, Constantin"]
[Result "1-0"]
[ECO "C10"]
[WhiteElo "2597"]
[BlackElo "2415"]
[Annotator "TA"]
[PlyCount "51"]
[EventDate "2022.09.21"]
[EventType "team-tourn"]
[EventCountry "ROU"]
[SourceTitle "playchess.com"]
[Source "ChessBase"]
[SourceQuality "1"]
[TimeControl "40/5400+30:1800+30"]

1. e4 e6 2. d4 d5 3. Nc3 dxe4 4. Nxe4 Bd7 5. Nf3 Bc6 6. Bd3 Nd7 7. Qe2 Ngf6 8. Neg5 Bxf3 9. Nxf3 {[%emt 0:00:11] C10: French with 3 Nc3: Unusual Black 3rd moves and 3...dxe4.} Be7 10. Bd2 O-O 11. g4 {[%emt 0:04:59][%cal Bg2g4,Bg4g5][%mdl 32] White is slightly better.} c5 12. g5 (12. c3 {is interesting.} Nxg4 13. Rg1 Ngf6 14. Bh6) 12... Nh5 13. O-O-O {[%emt 0:04:00] [#]} cxd4 $146 (13... g6 $11) ({Predecessor:} 13... Qc7 14. Ne5 g6 15. Nxd7 Qxd7 16. dxc5 Bxc5 17. Bc3 Qc7 18. Kb1 Rfd8 19. Qf3 b6 {½-½ (38) Tirard,H (2399)-Foisor,O (2404) Creon 2000}) 14. Nxd4 $16 g6 {[%emt 0:05:16] [#]} 15. Nxe6 fxe6 16. Qxe6+ Rf7 17. Bc4 {[%emt 0:00:25][%mdl 1024] White has strong compensation.} Qe8 18. Rhe1 {[%emt 0:01:32] Strongly threatening Qxe7.} Kf8 (18... Rc8 {was called for.} 19. Re4 (19. Qxf7+ Qxf7 20. Bxf7+ Kxf7 $14) 19... Nf8) 19. f4 Nb6 20. Qe5 $40 {[%emt 0:12:30][%cal Re5h8][%mdl 128] Black is in trouble. The board is on fire.} ({Not} 20. Qxf7+ Qxf7 21. Bxf7 Kxf7 $14) 20... Rg7 (20... Ng7 $142 21. Bxf7 Qxf7) 21. Bb3 $18 {[%emt 0:03:14] A strong pair of Bishops.} Rc8 $2 (21... Nd7 22. Qd4 Nc5) 22. f5 {[%emt 0:02:45] f6 is the strong threat.} Rc5 23. Qd4 Rxf5 {[%emt 0:00:33] [#]} 24. Rxe7 {[%emt 0:00:26][%mdl 576] Remove Defender. White mates.} Qxe7 25. Bb4 {[%emt 0:00:33][%mdl 64] Deflection} Qxb4 26. Qd8# {[%emt 0:32:17] Black did not feel at home in the position after the opening.  Weighted Error Value: White=0.13 (very precise) /Black=0.91} 1-0

[Event "Romanian Superleague 2022"]
[Site "Oradea"]
[Date "2022.09.22"]
[Round "2.3"]
[White "Soltanici, Ruslan"]
[Black "Szabo, Gergely-Andras-Gyula"]
[Result "1/2-1/2"]
[ECO "E63"]
[WhiteElo "2333"]
[BlackElo "2512"]
[Annotator "TA"]
[PlyCount "35"]
[EventDate "2022.09.21"]
[EventType "team-tourn"]
[EventCountry "ROU"]
[SourceTitle "playchess.com"]
[Source "ChessBase"]
[SourceQuality "1"]
[TimeControl "40/5400+30:1800+30"]

1. Nf3 Nf6 2. c4 g6 3. d4 Bg7 4. g3 O-O 5. Bg2 d6 6. O-O Nc6 7. Nc3 a6 8. Qd3 {[%emt 0:03:31] 8.Bf4 is setting a new trend.} Bf5 (8... b5 $5) 9. e4 {[%emt 0:02:22] E63: King's Indian: Fianchetto: Panno Variation with 7...a6.} Bg4 10. Be3 Bxf3 11. Bxf3 Nd7 12. Bg2 e5 13. d5 Nd4 14. Ne2 {[%emt 0:10:04] [#]} c5 $146 ({Predecessor:} 14... Nc5 15. Qd2 Nxe2+ 16. Qxe2 f5 17. b4 Nxe4 18. Bxe4 fxe4 19. Qg4 Qf6 20. Qxe4 Qf5 21. Qxf5 gxf5 {1-0 (62) Khalifman,A (2614)-Assaubayeva,B (2369) Batumi 2018}) 15. dxc6 Nc5 16. Qd2 Nxe2+ 17. Qxe2 {[%emt 0:02:28] aiming for Rad1.} bxc6 18. Bxc5 {[%emt 0:04:26] Weighted Error Value: White=0.05 (flawless) /Black=0.05 (flawless)} 1/2-1/2

[Event "Romanian Superleague 2022"]
[Site "Oradea"]
[Date "2022.09.22"]
[Round "2.4"]
[White "Nevednichy, Vladislav"]
[Black "Cosma, Ioan"]
[Result "1-0"]
[ECO "B42"]
[WhiteElo "2472"]
[BlackElo "2367"]
[Annotator "TA"]
[PlyCount "40"]
[EventDate "2022.09.21"]
[EventType "team-tourn"]
[EventCountry "ROU"]
[SourceTitle "playchess.com"]
[Source "ChessBase"]
[SourceQuality "1"]
[TimeControl "40/5400+30:1800+30"]

1. e4 c5 2. Nf3 e6 3. d4 cxd4 4. Nxd4 a6 5. Bd3 Ne7 6. O-O Nbc6 7. Nb3 d5 {[%emt 0:04:39] B42: Sicilian: Kan Variation: 5 Bd3.} 8. Qe2 Qc7 {[%emt 0:12:20] [#]} (8... g6 $11) 9. Nc3 $146 {[%emt 0:15:35] [#] Strongly threatening exd5.} ({Predecessor:} 9. Kh1 dxe4 10. Bxe4 g6 11. Bd2 Bg7 12. Bc3 e5 13. f4 O-O 14. fxe5 Nxe5 15. Qf2 {1-0 (41) Zapata,A (2545)-Mascarinas,R (2465) Manila 1990}) 9... d4 {[%emt 0:01:37] White is slightly better.} 10. Nb1 Ng6 11. f4 e5 12. f5 Nf4 13. Bxf4 exf4 14. N1d2 g5 15. e5 Kd8 $2 {[%emt 0:17:01] This move loses the game for Black.} (15... Qxe5 $2 16. Be4 Bg7 17. Qh5 $18) (15... Nxe5 $16 {was called for.} 16. Nf3 Bd6) 16. Rfe1 $18 Bb4 (16... h6 $142 17. a3 b6) 17. c3 {[%emt 0:11:23] White has a decisive advantage.} ({Weaker is} 17. a3 Bxd2 18. Nxd2 Qe7 $18) 17... dxc3 18. bxc3 Bxc3 19. Rac1 Bb4 20. Qe4 {[%emt 0:04:45][%cal Oc1c6] [#] Hoping for Rxc6! The board is on fire.} a5 {[%emt 0:02:57] Weighted Error Value: White=0.14 (very precise) /Black=0.41} 1-0

[Event "Romanian Superleague 2022"]
[Site "Oradea"]
[Date "2022.09.22"]
[Round "2.5"]
[White "Itkis, Boris"]
[Black "Stoleriu, George"]
[Result "1/2-1/2"]
[ECO "E62"]
[WhiteElo "2332"]
[BlackElo "2392"]
[Annotator "TA"]
[PlyCount "55"]
[EventDate "2022.09.21"]
[EventType "team-tourn"]
[EventCountry "ROU"]
[SourceTitle "playchess.com"]
[Source "ChessBase"]
[SourceQuality "1"]
[TimeControl "40/5400+30:1800+30"]

1. Nf3 Nf6 2. c4 g6 3. g3 Bg7 4. Bg2 O-O 5. d4 d6 6. Nc3 c6 7. O-O Bf5 8. b3 Ne4 9. Bb2 Nxc3 10. Bxc3 Be4 11. e3 Nd7 12. Qe2 {[%emt 0:01:58] E62: King's Indian: Fianchetto: 6...c6 and Panno Variation (6...Nc6) without ...a6.} d5 13. Rfd1 a5 14. Bf1 Bxf3 15. Qxf3 Nf6 {[%emt 0:00:07] [#]} 16. a4 $146 ({Predecessor:} 16. Qe2 Ne4 17. Be1 e6 18. Qc2 f5 19. Rab1 Rf7 20. b4 axb4 21. Rxb4 Bf8 22. Rb3 {½-½ (32) Zagorskis,D (2490)-Tratar,M (2499) Turin 2006}) 16... e6 17. Qe2 Ne4 18. Bb2 f5 19. Bg2 Qb6 20. Qc2 Rfe8 21. Rab1 Rad8 22. f3 Nf6 23. Bc3 Qc7 24. Qd2 Ra8 25. Re1 Red8 {[%emt 0:03:35] White has an edge.} 26. Qb2 Rd7 27. Rbd1 Rad8 28. Bf1 {[%emt 0:37:48] Weighted Error Value: White=0.01 (flawless) /Black=0.02 (flawless)} 1/2-1/2